 Dungeon Crawl Stone Soup version 0.31-a0-625-gc9c7e45f3f (webtiles) character file.

Game seed: 10931741604499623428

569 MacCMillion the Ruffian (level 7, -2/42 (46) HPs)
             Began as an Octopode Shapeshifter on Aug 24, 2023.
             Was an Initiate of Gozag.
             Slain by an orc
             ... wielding a +0 falchion
              (5 damage)
             ... on level 6 of the Dungeon.
             The game lasted 00:05:02 (4210 turns).

MacCMillion the Ruffian (Octopode Shapeshifter)     Turns: 4210, Time: 00:05:03

HP:   -2/42 (46)    AC:  1    Str: 16    XL:     7   Next: 33%
MP:   7/7           EV: 14    Int: 10    God:    Gozag
Gold: 532           SH:  0    Dex: 13    Spells: 6/6 levels left

rFire   . .          .
                       - Unarmed
rCold   . . .        (no shield)
rNeg    . . .        (helmet currently unavailable)
rPois   .            (no amulet)
rElec   .            (no ring)
rCorr   .            (no ring)
SInv    .            (no ring)
Will    .....        (no ring)
Stlth   +++          (no ring)
HPRegen 0.27/turn    (no ring)
MPRegen 0.10/turn    (no ring)
                     (no ring)

%: no passive effects
@: beast-form, drained
A: beast (slay +1), almost no armour, amphibious, 8 rings, camouflage 1,
gelatinous body 1, (nimble swimmer 1), tentacles
a: Begin Untransformation, Renounce Religion, Potion Petition, Call Merchant,
Bribe Branch


You were on level 6 of the Dungeon.
You worshipped Gozag.
Gozag was pleased with you.
You were a hulking beast.
You visited 1 branch of the dungeon, and saw 6 of its levels.
You also visited: Ossuary.

You collected 559 gold pieces.
You paid 27 gold pieces to Gozag.

Inventory:

Jewellery
 n - a ring of willpower
 x - an amulet of reflection
 y - an amulet of guardian spirit
Talismans
 b - a beast talisman (active)
 c - a flux talisman
Wands
 r - a wand of iceblast (12)
 F - a wand of flame (13)
Scrolls
 d - 7 scrolls of identify {unknown}
 e - a scroll of noise {unknown}
 g - 3 scrolls of vulnerability {unknown}
 l - 2 scrolls of teleportation {unknown}
 m - 3 scrolls of fear {unknown}
 o - a scroll of blinking {unknown}
 q - a scroll of brand weapon {unknown}
 s - a scroll of immolation {unknown}
 t - a scroll of fog {unknown}
 u - 2 scrolls of silence {unknown}
 w - a scroll of enchant armour {unknown}
 z - a scroll of summoning {unknown}
 B - a scroll of acquirement {unknown}
Potions
 a - 2 potions of lignification
 f - 3 potions of degeneration {unknown}
 h - 3 potions of brilliance {unknown}
 i - a potion of invisibility {unknown}
 j - a potion of experience {unknown}
 k - a potion of mutation {unknown}
 p - 2 potions of haste {unknown}
 v - a potion of might {unknown}
 A - a potion of heal wounds {unknown}
 C - a potion of enlightenment {unknown}
 D - 2 potions of berserk rage {unknown}
 E - a potion of magic {unknown}


   Skills:
 + Level 3.6 Fighting
 + Level 4.0 Dodging
 + Level 2.7 Stealth
 * Level 6.0 Unarmed Combat
 - Level 3.0 Shapeshifting


You had 6 spell levels left.
You didn't know any spells.
Your spell library contained the following spells:

 Spells                   Type           Power      Damage    Failure   Level
 Apportation              Tloc           0%         N/A       36%         1
 Magic Dart               Conj           0%         1d3       36%         1
 Sting                    Tmut/Pois      0%         1d3       36%         1
 Cigotuvi's Dreadful Rot  Necr/Pois/Air  0%         N/A       50%         2
 Searing Ray              Conj           0%         2d4       50%         2
 Frozen Ramparts          Ice            0%         1d1       75%         3
 Dispel Undead            Necr           0%         3d6       98%         4
 Fulminant Prism          Conj/Hex       0%         3d5       98%         4
 Alistair's Intoxication  Tmut/Pois      0%         N/A       100%        5
 Silence                  Hex/Air        0%         N/A       100%        5
 Death Channel            Necr           0%         N/A       100%        6
 Enfeeble                 Hex            0%         N/A       100%        7
 Ozocubu's Refrigeration  Ice            0%         4d7       100%        7
 Disjunction              Tloc           0%         N/A       100%        8


Dungeon Overview and Level Annotations

Branches:
Dungeon (7/15)            Ossuary (visited)
 Temple: D:4-7

Altars:
Gozag

Annotations:
D:1 2 transporters
D:3 Ijyb


Innate Abilities, Weirdness & Mutations

You are a hulking beast.
Your limbs bulge with bestial killing power. (Slay +1)
You cannot wear most types of armour.
You are amphibious.
You can wear up to eight rings at the same time.
Your skin changes colour to match your surroundings (Stealth+).
Your rubbery body absorbs attacks. (AC +1, EV +1)
((You are camouflaged when in or above water. (Stealth+)))
You have tentacles for arms and can constrict up to eight enemies at once.


Message History

The sky beast flickers out of sight!
Deactivating autopickup; reactivate with Ctrl-A.
An orc comes into view. It is wielding a +0 falchion.
The orc shouts!
A sky beast appears from thin air!
Reactivating autopickup.
The sky beast misses you.
You completely miss the sky beast. The sky beast barely misses you.
You barely miss the sky beast.
The sky beast hits you but does no damage.
You tentacle-slap the sky beast but do no damage.
The sky beast hits you. The sky beast shocks you.
You tentacle-slap the sky beast.
The sky beast is moderately wounded.
The sky beast closely misses you.
You tentacle-slap the sky beast but do no damage.
The sky beast is moderately wounded.
The orc closely misses you. The sky beast hits you. The sky beast shocks you.
You barely miss the sky beast. You tentacle-slap the sky beast.
The sky beast is moderately wounded.
The orc closely misses you. The sky beast barely misses you.
You miss the sky beast.
The sky beast is moderately wounded.
The orc hits you with a +0 falchion! The sky beast hits you.
The sky beast shocks you.
* * * LOW HITPOINT WARNING * * *
You barely miss the sky beast. Your squeeze misses the sky beast.
The sky beast is moderately wounded.
The orc closely misses you. The sky beast completely misses you.
You closely miss the sky beast.
The sky beast is moderately wounded.
The orc hits you with a +0 falchion!
* * * LOW HITPOINT WARNING * * *
The sky beast closely misses you.
Unknown command.
You barely miss the sky beast. You squeeze the sky beast.
The sky beast is heavily wounded.
The orc hits you with a +0 falchion.
You die...
Your body crumbles into a pile of gold.

# ######.# #....#.#
#..>...#
########....#######
................#.######.#
######........Yho.$......
#.......#.......##..
#.#.....###.....#
#.......# #........
#.#....?# #########
o..)..#### #.....# .W. .#
#.... #


You could see a sky beast and an orc.

Vanquished Creatures
  A wraith (Ossuary)
  A scorpion (D:4)
  A human zombie (Ossuary)
  3 orc priests (D:7)
  Jessica (D:2)
  4 mummies
  4 gnolls (D:3)
  4 adders
  A white imp (D:4)
  A worm (D:3)
  A dart slug (D:4)
  7 orcs
  8 ball pythons
  6 endoplasms
  2 giant cockroaches
  6 goblins
  6 hobgoblins
  8 kobolds
  4 quokkas
  4 bats
  2 frilled lizards (D:1)
  2 goblin zombies
  3 hobgoblin zombies (Ossuary)
  6 kobold zombies (Ossuary)
  An orc zombie (D:4)
  7 rats
94 creatures vanquished.

Notes
Turn   | Place    | Note
-------+----------+-------------------------------------------
     0 | D:1      | MacCMillion the Octopode Shapeshifter began the quest for
                  | the Orb.
     0 | D:1      | Reached XP level 1. HP: 13/13 MP: 1/1
   379 | D:1      | Reached XP level 2. HP: 16/18 MP: 2/2
   536 | D:1      | Got Cirph's Omnibus of Cryomancy and Nonlocality
   794 | D:2      | Noticed Jessica
   797 | D:2      | Killed Jessica
   798 | D:2      | Reached XP level 3. HP: 24/24 MP: 3/3
   905 | D:2      | Reached skill level 4 in Unarmed Combat
   905 | D:2      | Reached XP level 4. HP: 23/29 MP: 4/4
  1256 | D:2      | Found an opulent altar of Gozag.
  1266 | D:2      | Became a worshipper of Gozag Ym Sagoz the Greedy
  1875 | D:3      | Reached XP level 5. HP: 30/35 MP: 5/5
  2012 | D:3      | Got the Grimoire of Baleful Therianthropy
  2281 | D:3      | Noticed Ijyb
  2636 | D:4      | Found a sand-covered staircase.
  2692 | Ossuary  | Entered an ossuary
  2692 | Ossuary  | Noticed a wraith
  2692 | Ossuary  | Noticed a wraith
  2692 | Ossuary  | Noticed a wraith
  2867 | Ossuary  | Reached skill level 5 in Unarmed Combat
  2867 | Ossuary  | Reached XP level 6. HP: 35/41 MP: 6/6
  3198 | Ossuary  | Noticed a wraith
  3210 | Ossuary  | Killed a wraith
  3211 | Ossuary  | Reached skill level 1 in Stealth
  3802 | D:4      | Reached XP level 7. HP: 46/46 MP: 7/7
  3926 | D:4      | You fall into a shaft and drop 3 floors!
  3952 | D:7      | Reached skill level 6 in Unarmed Combat
  4210 | D:6      | Slain by an orc

Illustrated notes

Levels and vault maps discovered:
D:1:      spicycebolla_arrival_transporter_tutorial, layout_basic
D:2:      layout_basic, serial_forest, infiniplex_forest_corner_1,
          infiniplex_forest_corner_1, infiniplex_forest_straight_5,
          infiniplex_forest_fountain, infiniplex_forest_lined_1, basic_altar,
          uniq_jessica
D:3:      layout_basic, uniq_ijyb
D:4:      layout_gridville, nicolae_ossuary_entry_giza,
          kennysheep_generic_room_7
D:6:      layout_basic, nicolae_overflow_two_pavilions, nemelex_altar_shiori,
          nicolae_shop_vocational, uniq_edmund
D:7:      layout_rooms, mainiacjoe_overflow_24_doors, kennysheep_mini_moat,
          minmay_temple_entry_enclosed_plants, serial_curves, eino_curves_04,
          eino_curves_01

Skill      XL: |  1  2  3  4  5  6  7 |
---------------+----------------------+-----
Unarmed Combat | 4 5 6 |  6.0
Fighting       | 2 3 |  3.6
Dodging        | 3 4 |  4.0
Stealth        | 2 |  2.7
Shapeshifting  | |  3.0

Action                     |  1- 3 |  4- 6 |  7- 9 || total
---------------------------+-------+-------+-------++-------
  Melee: Unarmed           |    39 |   133 |    29 ||   201
         Constrict         |     5 |    37 |     7 ||    49
         Tentacles         |     3 |    27 |     5 ||    35
         Punch             |     1 |     4 |     1 ||     6
    Use: Potion            |       |     1 |       ||     1
   Stab: Sleeping          |     3 |    10 |       ||    13
         Distracted        |       |     1 |       ||     1
 Armour: Skin              |     5 |    12 |     1 ||    18
  Dodge: Dodged            |    29 |    59 |    22 ||   110

Table legend: (Time is in decaauts)
 A = Elapsed time spent in this place.
 B = Non-inter-level travel time spent in this place.
 C = Inter-level travel time spent in this place.
 D = Time resting spent in this place.
 E = Time spent auto-exploring this place.
 F = Levels seen in this place.
 G = Mean time per level.
                   A        B        C        D        E       F      G
               +--------+--------+--------+--------+--------+-----+--------+
         Total |   4196 |   4090 |    106 |    681 |   2570 |   7 |  599.4 |
       Dungeon |   3396 |   3290 |    106 |    416 |   2280 |   6 |  566.0 |
       Ossuary |    800 |    800 |      0 |    265 |    290 |   1 |  800.0 |
               +--------+--------+--------+--------+--------+-----+--------+

Top non-repeatable levels by time:
     D:2: 975 daAuts
 Ossuary: 800 daAuts
     D:1: 791 daAuts
     D:3: 748 daAuts
     D:4: 599 daAuts
     D:7: 182 daAuts
     D:6: 98 daAuts
